 Dungeon Crawl Stone Soup version 0.25.0-26-g0c896c7088 (webtiles) character file.

Game seed: 2436026154677160925

21248 funkygono the Basher (level 12, -6/80 HPs)
             Began as a Gargoyle Fighter on June 30, 2020.
             Was a High Priest of Okawaru.
             Splashed by an oklob plant's acid (10 damage)
             ... on level 2 of the Lair of Beasts.
             The game lasted 00:36:16 (14371 turns).

funkygono the Basher (Gargoyle Fighter)            Turns: 14371, Time: 00:36:17

Health: -6/80      AC: 42    Str: 24    XL:     12   Next: 88%
Magic:  21/22      EV: 10    Int: 10    God:    Okawaru [*****.]
Gold:   933        SH:  7    Dex:  9    Spells: 11/11 levels left

rFire    . . .     SeeInvis .   w - +6 mace (protect)
rCold    + . .     Gourm    .   E - +0 buckler "Cakhibe" {rC+ Stlth+}
rNeg     + . .     Faith    .   z - +4 plate armour
rPois    ∞         Spirit   .   N - +2 helmet
rElec    +         Reflect  .   y - +2 cloak
rCorr    .         Harm     .   q - +2 pair of gloves {archery}
MR       +....                  k - +1 pair of boots
Stlth    ..........             (no amulet)
HPRegen  0.23/turn              t - ring of protection from magic
MPRegen  0.18/turn              r - ring of magical power

@: heroism, corroded, protection aura, studying Fighting
A: negative energy resistance 1, electricity resistance, unbreathing,
petrification resistance, rot immunity, AC +8
a: Heroism, Finesse, Renounce Religion


You were on level 2 of the Lair of Beasts.
You worshipped Okawaru.
Okawaru was extremely pleased with you.
You were not hungry.

You visited 3 branches of the dungeon, and saw 14 of its levels.
You visited the Abyss 1 time.
You also visited: Volcano.

You collected 933 gold pieces.

Inventory:

Hand Weapons
 b - a +0 whip of holy wrath
 w - a +6 mace of protection (weapon)
 x - a +2 vorpal longbow
Missiles
 g - 324 stones (quivered)
 h - 66 bolts
Armour
 k - a +1 pair of boots (worn)
 q - a +2 pair of gloves of archery (worn)
 y - a +2 cloak (worn)
 z - a +4 plate armour (worn)
 E - the +0 buckler "Cakhibe" (worn) {rC+ Stlth+}
   (You acquired it on level 7 of the Dungeon)

   It protects you from cold.
   It makes you more stealthy.
 N - a +2 helmet (worn)
Jewellery
 r - a ring of magical power (right hand)
 t - a ring of protection from magic (left hand)
Wands
 a - a wand of polymorph (2)
 d - a wand of digging (5)
 n - a wand of iceblast (13)
 p - a wand of flame (89)
 F - a wand of paralysis (13)
 J - a wand of clouds (3)
Scrolls
 j - 4 scrolls of teleportation
 l - 5 scrolls of remove curse
 u - 4 scrolls of fear
 v - 4 scrolls of magic mapping
 A - 9 scrolls of identify
 C - 3 scrolls of amnesia
 G - a scroll of torment {unknown}
Potions
 c - a potion of heal wounds
 e - 3 potions of invisibility
 i - 2 potions of flight
 o - 2 potions of lignification
 s - 2 potions of might
 B - 2 potions of haste
 H - 2 potions of brilliance
 I - a potion of berserk rage
 M - 4 potions of curing
Books
 m - a manual of Fighting
Comestibles
 f - 30 rations


   Skills:
 + Level 11.0(16.0) Fighting
 + Level 13.3(18.3) Maces & Flails
 + Level 10.1(15.1) Armour
 + Level 2.3(7.3) Dodging
 + Level 1.5(6.5) Stealth
 + Level 10.6(15.6) Shields
 + Level 1.5 Invocations


You had 11 spell levels left.
You didn't know any spells.
Your spell library contained the following spells:

 Spells                   Type           Power        Failure   Level  Hunger
 Animate Skeleton         Necr           N/A          96%         1    ##.....
 Apportation              Tloc           #.....       96%         1    ##.....
 Corona                   Hex            #......      96%         1    ##.....
 Pain                     Necr           #...         96%         1    ##.....
 Summon Small Mammal      Summ           #...         96%         1    ##.....
 Call Imp                 Summ           #.......     99%         2    ###....
 Call Canine Familiar     Summ           #.......     100%        3    ####...
 Summon Guardian Golem    Hex/Summ       #.......     100%        3    ####...
 Vampiric Draining        Necr           #.........   100%        3    ####...
 Animate Dead             Necr           N/A          100%        4    #####..
 Summon Ice Beast         Ice/Summ       #.......     100%        4    #####..
 Summon Lightning Spire   Summ/Air       #.......     100%        4    #####..
 Agony                    Necr           #.......     100%        5    ######.
 Malign Gateway           Summ/Tloc      #.........   100%        7    #######
 Monstrous Menagerie      Summ           #.........   100%        7    #######
 Summon Greater Demon     Summ           #.........   100%        7    #######
 Summon Horrible Things   Summ           #.........   100%        8    #######


Dungeon Overview and Level Annotations

Branches:
Dungeon (11/15)            Temple (1/1) D:6            Lair (2/6) D:11
    Orc (0/2) D:9         Volcano (visited)
  Swamp: Lair:2-4    Shoals: Lair:2-4     Snake: Lair:2-4    Spider: Lair:2-4

Altars:
Ashenzari
Cheibriados
Dithmenos
Elyvilon
Fedhas
Gozag
Hepliaklqana
Kikubaaqudgha
Makhleb
Nemelex Xobeh
Okawaru
Qazlal
Ru
Sif Muna
Trog
Uskayaw
Vehumet
Wu Jian
Xom
Yredelemnul
Zin
The Shining One

Shops:
D:7 [   D:9 =   D:10 :

Annotations:
D:7 3 runed translucent doors, SamuraiZach's ghost, novice TrBe
Lair:2 exclusion: 2 oklob plants


Innate Abilities, Weirdness & Mutations

You are resistant to torment.
Your stone body is resilient. (AC +8)
You are immune to poison.
You resist negative energy. (rN+)
You are resistant to electric shocks. (rElec)
You can survive without breathing.
You are immune to petrification.
You are immune to rotting.


Message History

You see here 2 scrolls of identify.
You thump the oklob plant!
Your weapon exudes an aura of protection.
The oklob plant is lightly damaged.
You hit the oklob plant but do no damage.
The oklob plant is lightly damaged.
You sock the oklob plant!
The oklob plant is moderately damaged.
The oklob plant spits acid at you.
The splash of acid hits you but does no damage.
The acid corrodes you!
You are splashed with acid!
* * * LOW HITPOINT WARNING * * *
The oklob plant spits acid at you.
The splash of acid hits you but does no damage.
You are splashed with acid!
* * * LOW HITPOINT WARNING * * *
The oklob plant spits acid at you.
The splash of acid hits you but does no damage.
The acid corrodes you!
You are splashed with acid!
You die...

....#
#..............
#.P##
#.........#P.P≈ ..#
#.?.....#......♣
..#
#..............≈
#..............
#.......#..#.###
###...............
........÷.........
......#P@P#........
#...###%.P#.####..#
#### #(??### #P..#
#####


You could see 2 oklob plants.

Vanquished Creatures
  The ghost of SamuraiZach the Blocker, a journeyman TrMo of Wu Jian (Lair:2)
  2 hydras
  A death knight (D:11)
  2 two-headed ogres
  A skeletal warrior (D:11)
  A death drake (Lair:1)
  A phantasmal warrior (D:11)
  A toenail golem (Volcano)
  A black mamba (Lair:2)
  3 molten gargoyles (Volcano)
  A gargoyle (D:10)
  A centaur zombie (D:11)
  Psyche (D:8)
  A spiny frog (Lair:1)
  3 centaur skeletons
  An efreet (Volcano)
  2 komodo dragons (D:11)
  2 freezing wraiths (D:11)
  7 hippogriffs
  2 dream sheep (D:8)
  A vampire (D:10)
  Sigmund (D:3)
  Eustachio (D:4)
  A fire elemental (Lair:1)
  A shadow (D:9)
  A wraith (D:10)
  8 yaks
  A hungry ghost (D:9)
  Menkaure (D:7)
  Edmund (D:5)
  An acid dragon (D:11)
  2 water moccasins
  A porcupine (Lair:1)
  A swamp drake (D:11)
  5 orc warriors
  A black bear (D:7)
  6 sky beasts
  An ice beast (D:10)
  3 phantoms
  5 ogres
  6 wolves (Lair:1)
  3 centaurs
  5 crocodiles
  5 big kobolds
  Blork the orc (D:4)
  4 bullfrogs
  2 earth elementals (Volcano)
  A scorpion (D:6)
  9 killer bees
  4 electric eels
  5 wights (D:11)
  2 howler monkeys
  5 crimson imps
  A bullfrog zombie (D:11)
  2 jellies (D:10)
  A quasit (D:8)
  5 hounds
  9 orc priests
  A gnoll shaman (D:6)
  Crazy Yiuf (D:3)
  2 bullfrog skeletons
  11 orc wizards
  4 iguanas
  11 worker ants
  2 worker ant zombies
  Robin (D:2)
  7 gnolls
  A howler monkey zombie (D:6)
  13 adders
  A howler monkey skeleton (D:11)
  3 oozes
  An adder skeleton (D:5)
  7 worms
  4 dart slugs
  A leopard gecko (D:1)
  36 orcs
  2 ball pythons
  8 giant cockroaches
  10 goblins
  13 hobgoblins
  10 jackals
  2 quokkas
  3 bats
  8 frilled lizards
  A jackal zombie (D:6)
  15 kobolds
  A leopard gecko skeleton (D:7)
  A quokka skeleton (D:6)
  12 rats
341 creatures vanquished.

Vanquished Creatures (collateral kills)
  An orc (D:9)
1 creature vanquished.

Vanquished Creatures (others)
  A wyvern (D:11)
  A fire vortex (Volcano)
  2 fungi (D:7)
  4 plants
8 creatures vanquished.

Grand Total: 350 creatures vanquished

Notes
Turn   | Place    | Note
-------+----------+-------------------------------------------
     0 | D:1      | funkygono the Gargoyle Fighter began the quest for the Orb.
     0 | D:1      | Reached XP level 1. HP: 14/14 MP: 1/1
   292 | D:1      | Reached XP level 2. HP: 19/19 MP: 2/2
   518 | D:1      | Found a shattered altar of Ashenzari.
   603 | D:1      | Reached XP level 3. HP: 21/23 MP: 3/3
  1232 | D:2      | Found an ancient bone altar of Kikubaaqudgha.
  1268 | D:2      | Reached skill level 1 in Dodging
  1268 | D:2      | Reached XP level 4. HP: 27/29 MP: 4/4
  1501 | D:2      | Noticed Robin
  1526 | D:2      | Killed Robin
  1584 | D:2      | Reached XP level 5. HP: 20/33 MP: 5/5
  1781 | D:2      | Found a burning altar of Makhleb.
  1942 | D:3      | Noticed Sigmund
  1983 | D:3      | Killed Sigmund
  1983 | D:3      | Reached skill level 3 in Maces & Flails
  1983 | D:3      | Reached XP level 6. HP: 16/39 MP: 6/6
  2134 | D:3      | Reached skill level 4 in Maces & Flails
  2520 | D:3      | Found a runed translucent door.
  2521 | D:3      | Noticed Crazy Yiuf
  2532 | D:3      | Killed Crazy Yiuf
  2829 | D:4      | Reached XP level 7. HP: 40/44 MP: 7/7
  2860 | D:4      | Noticed Eustachio
  2897 | D:4      | Killed Eustachio
  2897 | D:4      | Reached skill level 5 in Maces & Flails
  2897 | D:4      | Reached skill level 5 in Shields
  3358 | D:4      | Noticed Blork the orc
  3380 | D:4      | Killed Blork the orc
  3380 | D:4      | Reached XP level 8. HP: 45/48 MP: 8/8
  3604 | D:4      | Reached skill level 5 in Fighting
  3712 | D:5      | Entered Level 5 of the Dungeon
  3734 | D:5      | Noticed Edmund
  3749 | D:5      | Killed Edmund
  3749 | D:5      | Reached skill level 6 in Maces & Flails
  3909 | D:5      | Found a basalt altar of Yredelemnul.
  4218 | D:5      | Reached skill level 5 in Armour
  4232 | D:5      | Found an opulent altar of Gozag.
  5033 | D:6      | Reached skill level 7 in Maces & Flails
  5059 | D:6      | Reached XP level 9. HP: 53/55 MP: 9/9
  5400 | D:6      | Found a staircase to the Ecumenical Temple.
  5409 | Temple   | Entered the Ecumenical Temple
  5491 | Temple   | Became a worshipper of Warmaster Okawaru
  6050 | D:7      | Noticed Menkaure
  6070 | D:7      | Killed Menkaure
  6479 | D:7      | Reached skill level 8 in Maces & Flails
  6644 | D:7      | Found Veerupsu's Armour Shoppe.
  6775 | D:7      | Found a runed translucent gate.
  6775 | D:7      | Found a runed translucent gate.
  6775 | D:7      | Found a runed translucent gate.
  6776 | D:7      | Noticed a kobold demonologist
  6778 | D:7      | Noticed SamuraiZach's ghost (novice TrBe)
  6901 | D:7      | Identified 2 scrolls of acquirement
  6904 | D:7      | Got the +0 buckler "Cakhibe" {rC+ Stlth+}
  6981 | D:8      | Noticed a two-headed ogre
  6997 | D:8      | Reached * piety under Okawaru
  7011 | D:8      | Killed a two-headed ogre
  7011 | D:8      | Reached skill level 9 in Maces & Flails
  7011 | D:8      | Reached XP level 10. HP: 28/63 MP: 10/10
  7078 | D:8      | Reached ** piety under Okawaru
  7323 | D:8      | Noticed a two-headed hydra
  7342 | D:8      | Killed a two-headed hydra
  7356 | D:8      | Reached *** piety under Okawaru
  7371 | D:8      | Reached skill level 10 in Maces & Flails
  7745 | D:8      | Noticed Psyche
  7749 | D:8      | Cast into level 2 of the Abyss (Psyche)
  7760 | D:8      | Escaped the Abyss
  7792 | D:8      | Killed Psyche
  7792 | D:8      | Reached **** piety under Okawaru
  7960 | D:8      | Found a snail-covered altar of Cheibriados.
  8242 | D:9      | Reached XP level 11. HP: 68/68 MP: 11/11
  8247 | D:9      | Noticed a two-headed ogre
  8290 | D:9      | Killed a two-headed ogre
  8302 | D:9      | Reached skill level 1 in Stealth
  8334 | D:9      | Reached skill level 11 in Maces & Flails
  8447 | D:9      | Found a staircase to the Orcish Mines.
  8510 | D:9      | Paralysed by fainting for 11 turns
  8603 | D:9      | Found Xuomool's Jewellery Emporium.
  8784 | D:10     | Entered Level 10 of the Dungeon
  8811 | D:10     | Reached ***** piety under Okawaru
  9047 | D:10     | Found Amifiac's Book Shop.
  9463 | D:10     | Reached skill level 10 in Shields
  9788 | D:11     | Noticed a seven-headed hydra
  9799 | D:11     | Killed a seven-headed hydra
  9799 | D:11     | Reached skill level 12 in Maces & Flails
  9854 | D:11     | Found a hide-covered altar of Uskayaw.
  9943 | D:11     | Noticed a phantasmal warrior
  9958 | D:11     | Killed a phantasmal warrior
  9958 | D:11     | Reached ****** piety under Okawaru
 10105 | D:11     | Noticed a death knight
 10106 | D:11     | Noticed a skeletal warrior
 10139 | D:11     | Killed a death knight
 10139 | D:11     | Received a gift from Okawaru
 10139 | D:11     | Reached XP level 12. HP: 61/76 MP: 9/12
 10198 | D:11     | Reached skill level 1 in Invocations
 10886 | D:11     | Found a staircase to the Lair.
 11273 | Lair:1   | Entered Level 1 of the Lair of Beasts
 11323 | Lair:1   | Reached skill level 10 in Fighting
 11982 | Lair:1   | Found a dark tunnel.
 11987 | Volcano  | Entered a volcano
 12274 | Volcano  | Received a gift from Okawaru
 12286 | Volcano  | Got a heavily runed cloak {god gift}
 12297 | Volcano  | Identified the +0 cloak "Betyolic" {rPois MR+} (Okawaru
                  | gifted it to you in a volcano)
 12395 | Volcano  | Reached skill level 13 in Maces & Flails
 13517 | Lair:2   | Reached skill level 10 in Armour
 13518 | Lair:2   | Found a large runed translucent door.
 13518 | Lair:2   | Found a large runed translucent door.
 13551 | Lair:2   | Noticed SamuraiZach's ghost (journeyman TrMo)
 13581 | Lair:2   | Killed SamuraiZach's ghost
 14369 | Lair:2   | HP: 4/80 [acid (13)]
 14371 | Lair:2   | Splashed by an oklob plant's acid

Illustrated notes

Levels and vault maps discovered:
D:1:      nzn_arrival_settlement, layout_loops_ring, ashenzari_altar_1
D:2:      layout_rooms, lemuel_doored_altar, nicolae_overflow_hidden_temple,
          due_unseen_surprise, uniq_robin
D:3:      layout_rooms, first_ration, kennysheep_generic_room_2, uniq_sigmund,
          uniq_crazy_yiuf_cottage
D:4:      layout_gridville, uniq_blork_the_orc, uniq_eustachio
D:5:      layout_loops_ring, kennysheep_little_box, grunt_gozag_statues,
          uniq_edmund
D:6:      minmay_clustersquares, layout_rooms, temple_hall, minivault_24
D:7:      layout_loops_ring, serial_shops, kennysheep_mini,
          gammafunk_ghost_nasty_kobolds, uniq_menkaure
D:8:      layout_rooms, cheibrodos_worm_habitat, hangedman_ranch
          [blue_anna_fruit_fields], kennysheep_generic_room_4, uniq_psyche
D:9:      layout_cross, david_orc_2, serial_shops, shop_statue
D:10:     layout_roguey, serial_glass, glass_columns_c, glass_columns_b,
          serial_shops, shop
D:11:     layout_loops_ring, erik_lair_dragon, basic_altar
Temple:   regret_index_temple_sphere_string
Lair:1:   layout_gridlike, enter_volcano_4
Lair:2:   layout_chaotic_city, ebering_ghost_disaster_area,
          serial_bayou_lagoon_b, minmay_lair_oklob_chamber, lemuel_fruit_fields

Skill      XL: |  1  2  3  4  5  6  7  8  9 10 11 12 |
---------------+-------------------------------------+-----
Dodging        | 1 2 |  2.3
Shields        | 4 5 7 8 9 10 | 10.6
Fighting       | 4 6 7 8 9 11 | 11.0
Maces & Flails | 3 4 5 7 9 10 12 13 | 13.3
Armour         | 4 5 6 7 8 10 | 10.1
Stealth        | 1 |  1.5
Invocations    | 1 |  1.5

Action                   |  1- 3 |  4- 6 |  7- 9 | 10-12 || total
-------------------------+-------+-------+-------+-------++-------
Melee: Flail             |   160 |    78 |       |       ||   238
       Mace              |       |   124 |   539 |  1142 ||  1805
       Whip              |       |       |     8 |       ||     8
Invok: Heroism           |       |       |       |    18 ||    18
Evoke: Wand              |       |       |       |     2 ||     2
       Phantom mirror    |       |       |       |     1 ||     1
  Use: Scroll            |     3 |     3 |    15 |    10 ||    31
       Potion            |       |       |     4 |     1 ||     5
  Eat: Chunk             |     2 |     5 |    13 |    17 ||    37
       Ration            |       |       |       |     4 ||     4
Armor: Scale mail        |    74 |    95 |       |       ||   169
       Plate armour      |       |    12 |   366 |   740 ||  1118
Dodge: Dodged            |    66 |    47 |   101 |   317 ||   531
Block: Kite shield       |    90 |    99 |   261 |       ||   450
       Buckler           |       |       |     3 |   228 ||   231
